Map: New Gettysburg LE

Players

Snute

  • Race: Zerg Zerg

TRUE - Winner!

  • Race: Zerg Zerg

Event: 2016 WCS Summer Circuit Championship (DH Montreal)

VOD

Have the link to the VOD?

Description

Time

  • Played on: Aug. 12, 2016, 6:29 p.m.
  • Length: 8:52

All games in this series

Show
View Real Time Build Order
Export as new Build Order

Snute Zerg 

Build Orders: Hatch First 

Get SALT Encoding   

  12  0:00  Drone  
  13  0:12  Overlord  
  13  0:17  Drone  
  14  0:30  Drone  
  14  0:31  Drone  
  14  0:34  Drone  
  17  0:52  Hatchery  
  17  0:56  Drone  
  17  1:10  Spawning Pool  
  16  1:12  Drone  
  16  1:16  Drone  
  16  1:18  Extractor  
  17  1:21  Drone  
  18  1:28  Drone  
  19  1:40  Overlord  
  19  1:49  Drone  
  20  1:57  Queen  
  20  2:00  Drone  
  23  2:03  Queen  
  23  2:04  Zergling x2  
  26  2:12  Drone  
  26  2:15  Drone  
  28  2:20  Metabolic Boost  
  28  2:21  Drone  
  29  2:25  Drone  
  30  2:32  Drone  
  31  2:38  Drone  
  31  2:39  Baneling Nest  
  31  2:43  Overlord  
  31  2:47  Drone  
  32  2:54  Drone  
  32  2:57  Drone  
  34  3:04  Drone  
  35  3:07  Hatchery  
  35  3:09  Zergling x4  
  35  3:10  Zergling x4  
  35  3:12  Zergling x2  
  39  3:15  Zergling x2  
  39  3:17  Zergling x2  
  41  3:21  Zergling x2  
  41  3:25  Zergling x2  
  43  3:27  Baneling  
  43  3:28  Baneling  
  43  3:31  Overlord  
  43  3:33  Drone  
  44  3:37  Extractor  
  43  3:42  Drone x2, Roach Warren  
  43  3:46  Overlord  
  44  3:51  Drone  
  44  3:52  Drone x2  
  44  3:54  Drone x2  
  48  3:58  Zergling x2  
  47  4:07  Drone x2  
  48  4:12  Zergling x6  
  51  4:17  Baneling  
  51  4:18  Baneling  
  51  4:19  Queen  
  51  4:23  Roach x3  
  54  4:27  Roach  
  56  4:34  Roach  
  56  4:35  Roach x2  
  61  4:42  Roach x3  
  51  4:47  Roach  
  51  4:50  Drone  
  54  4:54  Drone  
  54  4:56  Drone  
  56  5:01  Drone x2  
  56  5:06  Drone  
  59  5:07  Drone  
  59  5:11  Drone  
  59  5:12  Drone  
  62  5:16  Drone  
  62  5:17  Drone  
  62  5:20  Drone  
  66  5:21  Drone  
  66  5:28  Roach  
  66  5:29  Overlord  
  66  5:33  Overlord  
  66  5:35  Overlord  
  66  5:45  Overlord  
  66  5:46  Evolution Chamber  
  66  5:49  Zergling x2  
  66  5:50  Zergling x4  
  66  5:53  Roach  
  66  5:54  Roach  
  66  5:55  Ravager  
  63  6:02  Roach x3  
  61  6:12  Zergling x2  
  61  6:13  Zergling x8  
  65  6:25  Drone x3  
  56  6:26  Drone  
  50  6:33  Drone  
  50  6:38  Baneling x3  
  46  6:41  Drone x2  
  46  6:43  Drone  
  49  7:03  Hatchery  
  49  7:05  Roach x2  
  49  7:08  Drone  
  53  7:09  Drone  
  53  7:11  Drone  
  53  7:13  Ravager  
  53  7:15  Drone  
  57  7:21  Drone x2  
  51  7:30  Roach  
  51  7:31  Roach  
  43  7:41  Roach  
  45  7:45  Roach  
  45  7:46  Queen x2  
  45  7:51  Drone  
  52  7:56  Roach  
  53  8:03  Roach  
  55  8:08  Roach  
  55  8:10  Extractor  
  56  8:13  Drone x2  
  56  8:15  Queen  
  56  8:16  Drone  
  61  8:26  Roach x3  
  68  8:34  Zergling x2  
Show
View Real Time Build Order
Export as new Build Order

TRUE Zerg - Winner!

Build Orders: 3 Hatch before Pool 

Get SALT Encoding   

  12  0:00  Drone  
  13  0:12  Overlord  
  13  0:17  Drone  
  14  0:31  Drone x2  
  14  0:34  Drone  
  17  0:54  Hatchery  
  16  0:59  Drone  
  16  1:00  Drone  
  18  1:21  Hatchery  
  18  1:24  Drone  
  18  1:33  Extractor  
  18  1:39  Spawning Pool  
  16  1:41  Drone  
  16  1:44  Drone  
  18  1:47  Drone  
  18  1:52  Drone  
  20  2:04  Drone  
  20  2:06  Drone  
  22  2:13  Drone  
  23  2:17  Drone  
  24  2:24  Drone  
  24  2:26  Queen  
  27  2:32  Queen, Zergling x2  
  30  2:37  Metabolic Boost  
  30  2:44  Queen  
  30  2:50  Overlord  
  32  2:53  Drone  
  32  2:56  Extractor  
  32  3:02  Baneling Nest  
  32  3:09  Zergling x2  
  32  3:10  Drone x3  
  36  3:20  Drone x2  
  36  3:21  Zergling x2  
  39  3:29  Overlord, Zergling x2  
  39  3:32  Drone x2  
  42  3:45  Baneling x4  
  42  3:46  Baneling  
  42  3:48  Zergling x12  
  46  3:50  Zergling x2  
  46  3:53  Zergling x2  
  46  3:54  Zergling x2  
  50  4:00  Zergling x2  
  48  4:05  Zergling x2  
  48  4:07  Zergling x2  
  48  4:11  Zergling x2  
  48  4:15  Overlord  
  48  4:16  Zergling x2  
  49  4:24  Zergling x2  
  49  4:26  Overlord  
  49  4:28  Overlord  
  49  4:34  Zergling x2  
  50  4:39  Zergling x2  
  40  4:51  Roach Warren  
  38  4:53  Zergling x6  
  38  4:56  Zergling x16  
  38  4:58  Zergling x2  
  50  5:01  Zergling x2  
  50  5:02  Zergling x2  
  50  5:05  Zergling x2  
  53  5:16  Zergling x6  
  53  5:18  Zergling x2  
  53  5:19  Zergling x4  
  53  5:21  Zergling x2  
  60  5:23  Zergling x2  
  61  5:29  Zergling x2  
  61  5:30  Zergling x2  
  61  5:34  Zergling x4  
  61  5:35  Zergling x2  
  66  5:36  Zergling x2  
  66  5:38  Zergling x2  
  68  5:43  Zergling x4  
  68  5:47  Zergling x2  
  68  5:49  Zergling x4  
  68  5:52  Zergling x2  
  68  5:55  Zergling x2  
  68  5:56  Zergling x2  
  64  5:58  Zergling x2  
  64  6:00  Zergling x2  
  62  6:12  Zergling x10  
  62  6:15  Zergling x2  
  59  6:28  Zergling x2  
  59  6:29  Zergling x6  
  59  6:30  Zergling x2  
  59  6:32  Zergling x2  
  59  6:34  Zergling x2  
  54  6:40  Drone  
  55  7:01  Roach x5  
  65  7:02  Roach  
  65  7:04  Roach  
  65  7:06  Roach  
  67  7:15  Overlord  
  66  7:28  Roach x7  
  72  7:31  Roach  
  71  7:41  Roach x3  
  76  7:48  Overlord  
  75  7:58  Roach  
  77  8:05  Roach x2  
  81  8:09  Roach  
  81  8:10  Roach x3  
  81  8:11  Overlord  
  89  8:21  Overlord  
  89  8:22  Zergling x2  
  90  8:30  Zergling x6  
  90  8:32  Zergling x8  
  90  8:33  Zergling x2  
Tags
 
Add a new tag
Caveats
  • Supply blocks, unpowered buildings, or Contaminate may cause inaccurate times.
  • Supply counts are checked every 10 seconds.